 Dungeon Crawl Stone Soup version 0.31.0-11-ge490571c62 (webtiles) character file.

Game seed: 22683677319525134

1313 Killerpretzel the Changeling (level 8, -3/54 HPs)
             Began as an Octopode Shapeshifter on Feb 10, 2024.
             Was an Initiate of Vehumet.
             Shot with an arrow by a centaur (11 damage)
             ... on level 6 of the Dungeon.
             The game lasted 00:24:18 (6395 turns).

Killerpretzel the Changeling (OpSh)                 Turns: 6395, Time: 00:24:19

Health: -3/54      AC:  1    Str: 13    XL:     8   Next: 58%
Magic:  12/12      EV: 14    Int: 15    God:    Vehumet [......]
Gold:   322        SH:  4    Dex: 13    Spells: 13/13 levels left

rFire   . . .        t - +0 hand axe of Skirmishing {holy, rElec rN+ Int+2}
rCold   . . .        q - +0 buckler
rNeg    + . .        (helmet currently unavailable)
rPois   .            (no amulet)
rElec   +            (no ring)
rCorr   .            (no ring)
SInv    .            (no ring)
Will    .....        (no ring)
Stlth   ++           (no ring)
HPRegen 0.29/turn    (no ring)
MPRegen 0.13/turn    (no ring)
                     (no ring)

%: no passive effects
@: beast-form
A: beast (slay +3), almost no armour, amphibious, 8 rings, camouflage 1,
gelatinous body 1, (nimble swimmer 1), tentacles
a: Begin Untransformation, Renounce Religion


You were on level 6 of the Dungeon.
You worshipped Vehumet.
Vehumet was noncommittal.
You were a hulking beast.
You visited 2 branches of the dungeon, and saw 7 of its levels.

You collected 322 gold pieces.

Inventory:

Hand Weapons
 h - a +5 whip of electrocution
 t - the +0 hand axe of Skirmishing (weapon) {holy, rElec rN+ Int+2}
   (You found it on level 5 of the Dungeon)

   Int+2:     It affects your intelligence (+2).
   rElec:     It insulates you from electricity.
   rN+:       It protects you from negative energy.
Missiles
 j - 4 boomerangs (quivered)
Armour
 q - a +0 buckler (worn)
Jewellery
 d - a ring of ice
Talismans
 b - a beast talisman
 c - a flux talisman
Wands
 l - a wand of mindburst (4)
Scrolls
 a - 3 scrolls of poison
 f - a scroll of fog
 s - a scroll of blinking
Potions
 e - a potion of brilliance
 g - a potion of heal wounds {unknown}
 i - 2 potions of curing {unknown}
 k - a potion of invisibility {unknown}
 n - 2 potions of mutation {unknown}
 o - a potion of berserk rage {unknown}
 p - 2 potions of haste
 r - a potion of enlightenment {unknown}


   Skills:
 + Level 4.0 Fighting
 + Level 4.6 Dodging
 + Level 1.4 Shields
 + Level 5.0 Unarmed Combat
 - Level 3.0 Spellcasting
 * Level 6.2 Shapeshifting


You had 13 spell levels left.
You didn't know any spells.
Your spell library was empty.

Dungeon Overview and Level Annotations

Branches:
Dungeon (6/15)             Temple (1/1) D:5

Altars:
Ashenzari
Elyvilon
Hepliaklqana
Makhleb
Okawaru
Ru
Trog
Vehumet
Wu Jian
Xom
Zin
The Shining One

Shops:
D:5 =

Annotations:
D:4 exclusion: ice beast
D:6 Grinder


Innate Abilities, Weirdness & Mutations

You are a hulking beast.
Your limbs bulge with bestial killing power. (Slay +3)
You cannot wear most types of armour.
You are amphibious.
You can wear up to eight rings at the same time.
Your skin changes colour to match your surroundings (Stealth+).
Your rubbery body absorbs attacks. (AC +1, EV +1)
((You are camouflaged when in or above water. (Stealth+)))
You have tentacles for arms and can constrict up to eight enemies at once.


Message History

An orc comes into view. It is wielding a +0 dagger.
The orc shouts! x3; The orc priest shouts!
You hit the orc priest. Your grab misses the orc priest.
The orc priest is lightly wounded.
The orc priest mumbles some strange prayers to Beogh against you.
Beogh smites you!
The orc priest hits you with a +3 short sword.
You block the orc's attack.
You closely miss the orc priest. Your grab misses the orc priest.
Your squeeze misses the orc priest.
The orc priest is lightly wounded.
You closely miss the orc. You block the orc's attack.
The orc priest looks satisfied for a moment.
You hit the orc priest but do no damage.
You grab the orc priest.
The orc priest is lightly wounded.
You closely miss the orc.
You constrict the orc priest, but do no damage.
You block the orc's attack.
The orc priest hits you with a +3 short sword.
You release your grip on the orc priest.
The orc priest invokes the aid of Beogh against you.
Beogh smites you!
A centaur comes into view.
The orc hits you with a +0 dagger. The orc attacks as it pursues you!
The orc hits you with a +0 dagger.
* * * LOW HITPOINT WARNING * * *
The centaur closely misses you. The centaur misses you.
Things that are here:
a +0 robe; a +4 dagger of venom; an orc skeleton The centaur hits you.
* * * LOW HITPOINT WARNING * * *
The centaur kicks you.
* * * LOW HITPOINT WARNING * * *
The centaur throws a stone.
The stone hits you!
* * * LOW HITPOINT WARNING * * *
The centaur wields a +0 orcbow.
The centaur shoots an arrow.
The arrow barely misses you.
The centaur shoots an arrow.
The arrow hits you!
You die...

.........####.. .#.
#..<.........>..... .#.
..>#..................
......................#...
..... ....................
≈≈≈..... #.# #.............#.
... ....##.###.............#.
.... #.....#.....#.o..#...#.
..... #....)h.ooo.##.#.##...#
.....###.......co......>..#..
...Y..#.....................
#................#.......
#.......................#
#...........)..#...##....#
#l.##.................#.##
#.. #...............##### ##
#...............#


You could see a centaur, an orc priest and 3 orcs.

Vanquished Creatures
  A black bear (D:5)
  An ice beast (D:6)
  A centaur (D:6)
  A phantom (D:5)
  A kobold brigand (D:5)
  4 scorpions
  A howler monkey (D:5)
  A jelly (D:5)
  2 bombardier beetles
  An orc priest (D:3)
  4 hounds (D:5)
  2 iguanas
  A sleepcap (D:4)
  4 orc wizards
  6 adders
  5 gnolls
  A white imp (D:6)
  A dart slug (D:4)
  2 ribbon worms
  15 orcs
  5 ball pythons
  5 bats
  6 endoplasms
  2 giant cockroaches
  10 goblins
  6 hobgoblins
  4 jackals
  3 quokkas
  3 frilled lizards
  12 kobolds
  2 rats
113 creatures vanquished.

Notes
Turn   | Place    | Note
-------+----------+-------------------------------------------
     0 | D:1      | Killerpretzel the Octopode Shapeshifter began the quest for
                  | the Orb.
     0 | D:1      | Reached XP level 1. HP: 13/13 MP: 1/1
   147 | D:1      | Reached XP level 2. HP: 12/18 MP: 2/2
   453 | D:2      | Reached XP level 3. HP: 19/23 MP: 3/3
  1246 | D:2      | Reached XP level 4. HP: 22/29 MP: 4/4
  1750 | D:3      | Reached skill level 1 in Spellcasting
  1857 | D:3      | Reached XP level 5. HP: 13/34 MP: 6/6
  2048 | D:3      | Reached skill level 4 in Shapeshifting
  3051 | D:4      | Reached XP level 6. HP: 40/40 MP: 8/8
  3390 | D:4      | Noticed an ice beast
  3600 | D:4      | Reached XP level 7. HP: 36/45 MP: 10/10
  4099 | D:5      | Entered Level 5 of the Dungeon
  4191 | D:5      | Reached skill level 5 in Shapeshifting
  4561 | D:5      | Found a staircase to the Ecumenical Temple.
  4570 | Temple   | Entered the Ecumenical Temple
  4594 | Temple   | Became a worshipper of Vehumet
  4626 | D:5      | Identified the +0 hand axe of Skirmishing {holy, rElec rN+
                  | Int+2}
  4682 | D:5      | Found Tisilugh's Jewellery Shop.
  4706 | D:5      | Reached XP level 8. HP: 52/52 MP: 12/12
  5009 | D:5      | Found an iron altar of Okawaru.
  5037 | D:5      | Found a shimmering altar of Xom.
  5181 | D:6      | Noticed Grinder
  5185 | D:6      | Paralysed by Grinder for 2 turns
  5940 | D:5      | Reached skill level 1 in Shields
  5940 | D:5      | Reached skill level 6 in Shapeshifting
  6146 | D:6      | Reached skill level 5 in Unarmed Combat
  6147 | D:6      | HP: 1/54 [iguana (7)]
  6171 | D:6      | HP: 2/54 [white imp (2)]
  6395 | D:6      | Shot with an arrow by a centaur

Illustrated notes

Levels and vault maps discovered:
D:1:      ncdulo_wetmaze, layout_rooms
D:2:      layout_loops_ring, glass_columns_a, minmay_between
D:3:      layout_loops_ring, minmay_misc_feat_iff
D:4:      layout_gridville, hangedman_decor_riveting
D:5:      layout_basic, mainiacjoe_overflow_chevrons, okawaru_metal_pillars_3,
          minmay_temple_entry_slanted, serial_shops, shop
D:6:      layout_cave_pools, mainiacjoe_overflow_alcove_2,
          gammafunk_ghost_gnarly_gnolls, uniq_grinder
Temple:   hellmonk_temple_beads

Skill      XL: |  1  2  3  4  5  6  7  8 |
---------------+-------------------------+-----
Spellcasting   | 1 2 3 |  3.0
Fighting       | 2 3 4 |  4.0
Shapeshifting  | 4 5 6 |  6.2
Dodging        | 3 4 |  4.6
Unarmed Combat | 4 5 |  5.0
Shields        | 1 |  1.4

Action                     |  1- 3 |  4- 6 |  7- 9 || total
---------------------------+-------+-------+-------++-------
  Melee: Unarmed           |    18 |       |       ||    18
         Tentacles         |    11 |    18 |    19 ||    48
         Constrict         |     9 |    27 |    17 ||    53
         Whip              |    29 |    81 |    22 ||   132
         Punch             |       |     2 |     2 ||     4
         Hand axe          |       |       |    68 ||    68
  Throw: Boomerang         |       |    21 |     4 ||    25
  Evoke: Wand              |     1 |       |       ||     1
    Use: Scroll            |     1 |     7 |     4 ||    12
         Potion            |       |       |     2 ||     2
   Stab: Sleeping          |     4 |     6 |     1 ||    11
 Armour: Skin              |    26 |    32 |    94 ||   152
  Dodge: Dodged            |    27 |    45 |    73 ||   145
  Block: Buckler           |       |       |    21 ||    21
